 Dungeon Crawl Stone Soup version 0.28-a0-1629-gf728b707aa (webtiles) character file.

Game seed: 6748430567916523351

46 avis the Ruffian (level 3, -1/29 HPs)
             Began as a Hill Orc Transmuter on Jan 25, 2022.
             Succumbed to an adder's poison
             ... on level 2 of the Dungeon.
             The game lasted 00:08:49 (1163 turns).

avis the Ruffian (Hill Orc Transmuter)              Turns: 1163, Time: 00:08:50

Health: -1/29      AC:  2    Str: 11 (12) XL:     3   Next: 66%
Magic:  5/5        EV: 11    Int: 13 (15) God:
Gold:   58         SH:  0    Dex: 10 (11) Spells: 1/5 levels left

rFire   . . .      SeeInvis .     - Unarmed
rCold   . . .      Faith    .   (no shield)
rNeg    . . .      Spirit   .   a - +0 robe
rPois   .          Reflect  .   (no helmet)
rElec   .          Harm     .   (no cloak)
rCorr   .          Rampage  .   (no gloves)
Will    .....                   (no boots)
Stlth   +.........              (no amulet)
HPRegen 0.09/turn               (no ring)
MPRegen 0.09/turn               (no ring)

@: lethally poisoned (-1 -> -8)
A: no striking features
a: no special abilities


You were on level 2 of the Dungeon.
You visited 1 branch of the dungeon, and saw 2 of its levels.

You collected 58 gold pieces.

Inventory:

Hand Weapons
 f - a +0 hunting sling
 i - a +2 short sword of protection
Missiles
 b - 53 stones
 d - 9 bolts
 e - 2 throwing nets
Armour
 a - a +0 robe (worn)
Scrolls
 c - a scroll of amnesia {unknown}
 g - 3 scrolls of noise {unknown}
 h - 2 scrolls of enchant armour {unknown}
 j - 3 scrolls of blinking {unknown}


   Skills:
 * Level 2.0 Fighting
 - Level 1.5 Dodging
 - Level 1.0 Stealth
 - Level 4.0 Unarmed Combat
 - Level 1.5 Spellcasting
 - Level 2.0 Transmutations


You had one spell level left.
You knew the following spells:

 Your Spells              Type           Power      Damage    Failure   Level
a - Beastly Appendage     Tmut           12%        N/A       12%         1
q - Spider Form           Tmut/Pois      3%         N/A       47%         3

Your spell library contained the following spells:

 Spells                   Type           Power      Damage    Failure   Level
 Wereblood                Tmut           6%         N/A       19%         2
 Ice Form                 Ice/Tmut       3%         N/A       87%         4


Dungeon Overview and Level Annotations

Branches:
Dungeon (2/15)

Altars:
Trog


Message History

The adder is severely wounded.
You feel sick. The adder bites you but does no damage.
The adder barely misses you.
You closely miss the adder. Your kick misses the adder.
The adder is severely wounded.
You feel sick. The adder bites you.
You are more poisoned.
The adder poisons you!
You barely miss the adder. You claw the adder. Your headbutt misses the adder.
The adder is almost dead.
You feel sick. The adder bites you but does no damage.
You barely miss the adder. Your kick misses the adder.
Your punch misses the adder.
The adder is almost dead.
You feel sick. The adder closely misses you.
You hit the adder but do no damage. Your kick misses the adder.
The adder is almost dead.
The adder bites you.
You are more poisoned.
The adder poisons you!
You closely miss the adder. Your headbutt misses the adder.
The adder is almost dead.
You feel sick. The adder bites you.
* * * LOW HITPOINT WARNING * * *
You are more poisoned.
The adder poisons you!
You hit the adder.
You kill the adder!
Your horns disappear.
Your talons disappear.
* * * LOW HITPOINT WARNING * * *
You feel very sick.
Training target 2.0 for Transmutations reached!
Your Transmutations skill increases to level 2!
You need to enable at least one skill for training.
It was a potion of degeneration.
There was something very wrong with that liquid.
You feel weakened.
You feel dopey.
You feel clumsy.
* * * LOW HITPOINT WARNING * * *
You feel sick.
You die...

........>...........
......#####..##......
......##.............
..###..#.###..#......
## ..
...................#
. ....####........$..
.. #.#....... .
...###.#.###.##
$..........@...#
..........#.#..#
$......##.....##
...#... ###.#.# ..
##.. #..... # #..
#...#.. ... .......S
.. ......#.


There were no monsters in sight!

Vanquished Creatures
  A gnoll (D:1)
  An adder (D:2)
  2 ball pythons (D:1)
  3 endoplasms
  A giant cockroach (D:2)
  3 goblins
  5 hobgoblins
  A quokka (D:1)
  3 bats (D:1)
  4 frilled lizards
  2 kobolds
  A rat (D:1)
27 creatures vanquished.

Notes
Turn   | Place    | Note
-------+----------+-------------------------------------------
     0 | D:1      | avis the Hill Orc Transmuter began the quest for the Orb.
     0 | D:1      | Reached XP level 1. HP: 16/16 MP: 3/3
   208 | D:1      | Reached XP level 2. HP: 23/23 MP: 4/4
   218 | D:1      | Reached skill level 4 in Unarmed Combat
   479 | D:1      | Reached skill level 1 in Stealth
   656 | D:1      | Reached XP level 3. HP: 29/29 MP: 3/5
   660 | D:1      | Learned a level 3 spell: Spider Form
  1098 | D:2      | Found a bloodstained altar of Trog.
  1162 | D:2      | HP: 1/29 [poisoned by an adder]
  1163 | D:2      | Succumbed to an adder's poison

Illustrated notes

Levels and vault maps discovered:
D:1:      erik_arrival_triangle_small, layout_rooms
D:2:      layout_rooms, hellmonk_ecumenical_altar_inner_sanctum, basic_altar,
          uniq_sigmund

Skill      XL: |  1  2  3 |
---------------+----------+-----
Unarmed Combat | 4 |  4.0
Stealth        | 1 |  1.0
Fighting       | 2 |  2.0
Transmutations | 2 |  2.0
Dodging        | |  1.5
Spellcasting   | |  1.5

Action                   || total
-------------------------++-------
Melee: Unarmed           ||    84
       Headbutt          ||    11
       Kick              ||    14
       Punch             ||     2
 Cast: Beastly Appendage ||    24
  Use: Potion            ||     1
 Stab: Sleeping          ||     1
Armor: Robe              ||    12
Dodge: Dodged            ||    44

Table legend: (Time is in decaauts)
 A = Elapsed time spent in this place.
 B = Non-inter-level travel time spent in this place.
 C = Inter-level travel time spent in this place.
 D = Time resting spent in this place.
 E = Time spent auto-exploring this place.
 F = Levels seen in this place.
 G = Mean time per level.
                   A        B        C        D        E       F      G
               +--------+--------+--------+--------+--------+-----+--------+
         Total |   1161 |   1064 |     97 |    362 |    366 |   2 |  580.5 |
       Dungeon |   1161 |   1064 |     97 |    362 |    366 |   2 |  580.5 |
               +--------+--------+--------+--------+--------+-----+--------+

Top non-repeatable levels by time:
     D:1: 888 daAuts
     D:2: 273 daAuts
